 Dungeon Sprint DCSS version 0.31-a0-728-g01b46875f1 (webtiles) character file.

Game seed: 3867874823797454468

1189 sircluck the Grappler (level 8, -7/138 HPs)
             Began as a Troll Berserker on Sept 11, 2023.
             Was a High Priest of Trog.
             Mangled by Snorg (17 damage)
             ... in the Dungeon (Sprint III: "The Ten Rune Challenge").
             The game lasted 00:01:35 (429 turns).

sircluck the Grappler (Troll Berserker)              Turns: 429, Time: 00:01:36

Health: -7/138     AC:  4    Str: 28    XL:     8   Next: 19%
Magic:  7/7        EV: 12    Int:  3    God:    Trog [*****.]
Gold:   69         SH:  0    Dex:  9    Spells: 7/7 levels left

rFire   . .          .
                       - Unarmed
rCold   . . .        (no shield)
rNeg    . . .        a - +0 animal skin
rPois   .            (helmet restricted)
rElec   .            (no cloak)
rCorr   .            (gloves unavailable)
SInv    .            (boots unavailable)
Will    .....        (no amulet) Stlth
                     (no ring)
HPRegen 1.23/turn    (no ring)
MPRegen 0.10/turn

%: no teleportation
@: berserking, very quick
A: large, unfitting armour, claws 3, regeneration 1, shaggy fur 1, tough skin 1
a: Renounce Religion, Berserk, Trog's Hand, Brothers in Arms


You were in the Dungeon.
You worshipped Trog.
Trog was extremely pleased with you.
You visited 1 branch You collected 69 gold pieces.

Inventory:

Armour
 a - a +0 animal skin (worn)
Scrolls
 g - a scroll of blinking
 i - a scroll of immolation {unknown}
 j - 2 scrolls of identify
 l - a scroll of poison {unknown}
 m - a scroll of fog {unknown}
Potions
 b - a potion of curing
 c - 2 potions of heal wounds
 d - 2 potions of haste
 e - 2 potions of magic
 f - a potion of berserk rage
 h - 4 potions of mutation
 k - 2 potions of enlightenment
 n - a potion of lignification {unknown}
Miscellaneous
 o - a condenser vane


   Skills:
 + Level 9.3 Fighting
 + Level 9.2 Dodging
 + Level 10.9 Unarmed Combat


You had 7 spell levels left.
You didn't know any spells.
Your spell library was empty.

Dungeon Overview and Level Annotations

Branches:
Dungeon (1/1)

Altars:
Cheibriados
Dithmenos
Elyvilon
Fedhas
Gozag
Hepliaklqana
Kikubaaqudgha
Makhleb
Nemelex Xobeh
Okawaru
Qazlal
Ru
Sif Muna
Trog
Uskayaw
Vehumet
Wu Jian
Xom
Yredelemnul
Zin
The Shining One
Jiyva
Lugonu

Annotations:
D Snorg


Innate Abilities, Weirdness & Mutations

You are too large for most types of armour.
You have claws for hands.
Your natural rate of healing is unusually fast.
You are covered in fur. (AC +1)
You have tough skin. (AC +1)


Message History

No target in view!
No target in view!
o - a condenser vane
There is an opulent altar of Gozag here.
There is a hazy altar of Hepliaklqana here.
There is a snail-covered altar of Cheibriados here.
There is a blossoming altar of Fedhas here.
There is an open door here.
You open the door.
There is an open door here.
You enter the shallow water.
Snorg the Insatiable comes into view.
Snorg shouts!
You closely miss Snorg. Snorg closely misses you. Snorg barely misses you.
Snorg claws you!
You eviscerate Snorg!!!
Snorg is moderately wounded.
Snorg bites you! Snorg closely misses you. Snorg claws you!
You barely miss Snorg.
Snorg is moderately wounded.
Snorg draws her long claws delicately across her gut.
Snorg goes berserk!
You claw Snorg! You claw Snorg!!
Snorg is severely wounded.
Snorg bites you!! Snorg claws you! Snorg claws you!!
* * * LOW HITPOINT WARNING * * *
A red film seems to cover your vision as you go berserk!
You feel yourself moving faster!
You feel mighty! Snorg misses you. Snorg claws you.
* * * LOW HITPOINT WARNING * * *
Snorg claws you!
* * * LOW HITPOINT WARNING * * *
You mangle Snorg!!
Snorg is severely wounded.
Snorg bites you but does no damage. Snorg closely misses you. x2
You mangle Snorg!!
Snorg is almost dead.
Snorg completely misses you. Snorg claws you but does no damage.
Snorg claws you!
You die...

..#___#___#__#
..#.).#__.#)_#
..###'#)###÷##
..#..........#
..'.⌠........#
..#)..######'#
..#.⌠.#__#..)#+#####
..#...#__#...#..§§§+
..#'###__#...#.#@§§#
..#.:.#__#...'.#T§§#
..#___#__'...#.#§§§#
▓▓▓▓▓▓▓▓▓▓▓▓▓▓▓▓▓▓▓▓


You could see Snorg (berserk).

Vanquished Creatures
  A deep elf pyromancer (D)
  A shadow (D)
  A spatial vortex (D)
  A water elemental (D)
  A necrophage (D)
  A jelly (D)
  A wizard (D)
  A necromancer (D)
  3 humans (D)
  A kobold demonologist (D)
  A wolf (D)
  4 rats (D)
17 creatures vanquished.

Notes
Turn   | Place    | Note
-------+----------+-------------------------------------------
     0 | D        | sircluck the Troll Berserker began the quest for the Orb.
     0 | D        | Reached XP level 1. HP: 22/22 MP: 0/0
    30 | D        | Reached ** piety under Trog
    72 | D        | Reached skill level 4 in Unarmed Combat
    72 | D        | Reached XP level 2. HP: 20/31 MP: 1/1
    93 | D        | Reached XP level 3. HP: 37/39 MP: 2/2
   118 | D        | Noticed a water elemental
   121 | D        | Killed a water elemental
   121 | D        | Reached *** piety under Trog
   122 | D        | Reached skill level 5 in Unarmed Combat
   122 | D        | Reached XP level 4. HP: 49/49 MP: 3/3
   166 | D        | Found a radiant altar of Vehumet.
   166 | D        | Found a shimmering blue altar of Sif Muna.
   166 | D        | Found an ancient bone altar of Kikubaaqudgha.
   166 | D        | Noticed a wizard
   174 | D        | Reached skill level 5 in Fighting
   174 | D        | Reached skill level 5 in Dodging
   174 | D        | Reached skill level 6 in Unarmed Combat
   181 | D        | Killed a wizard
   182 | D        | Reached XP level 5. HP: 57/57 MP: 4/4
   208 | D        | Found a basalt altar of Yredelemnul.
   208 | D        | Found a shadowy altar of Dithmenos.
   208 | D        | Found a sacrificial altar of Ru.
   212 | D        | Reached **** piety under Trog
   213 | D        | Reached skill level 7 in Unarmed Combat
   284 | D        | Found a hide-covered altar of Uskayaw.
   284 | D        | Found an iron altar of Okawaru.
   284 | D        | Found a bloodstained altar of Trog.
   284 | D        | Found an ornate altar of the Wu Jian Council.
   284 | D        | Noticed a human
   285 | D        | Noticed a human
   292 | D        | Killed a human
   293 | D        | Reached skill level 8 in Unarmed Combat
   293 | D        | Reached XP level 6. HP: 39/71 MP: 5/5
   297 | D        | Killed a human
   297 | D        | Reached ***** piety under Trog
   298 | D        | Reached skill level 9 in Unarmed Combat
   343 | D        | Found a glowing silver altar of Zin.
   343 | D        | Found a glowing golden altar of the Shining One.
   343 | D        | Found a white marble altar of Elyvilon.
   344 | D        | Noticed a deep elf pyromancer
   346 | D        | Noticed a fire elemental
   346 | D        | Noticed a fire elemental
   348 | D        | Killed a deep elf pyromancer
   349 | D        | Reached skill level 10 in Unarmed Combat
   349 | D        | Reached XP level 7. HP: 53/81 MP: 6/6
   387 | D        | Noticed a shadow
   388 | D        | Killed a shadow
   389 | D        | Reached XP level 8. HP: 92/92 MP: 7/7
   390 | D        | Received a gift from Trog
   397 | D        | Found a blossoming altar of Fedhas.
   397 | D        | Found a stormy altar of Qazlal.
   397 | D        | Found a snail-covered altar of Cheibriados.
   397 | D        | Found a burning altar of Makhleb.
   397 | D        | Found a shimmering altar of Xom.
   398 | D        | Found a hazy altar of Hepliaklqana.
   398 | D        | Found an opulent altar of Gozag.
   398 | D        | Found a sparkling altar of Nemelex Xobeh.
   398 | D        | Found a corrupted altar of Lugonu.
   398 | D        | Found a viscous altar of Jiyva.
   422 | D        | Noticed Snorg
   429 | D        | Mangled by Snorg

Illustrated notes

Levels and vault maps discovered:
D:        dungeon_sprint_mu [sprint_mu_entry_cave, sprint_mu_temple_rooms,
          sprint_mu_d1_horrors, sprint_mu_d2_genie, sprint_mu_d3_branching,
          sprint_mu_orc_legion, sprint_mu_elf_gauntlet, sprint_mu_hive_nellie,
          sprint_mu_lair_fedhas, sprint_mu_vaults_butterflies,
          sprint_mu_slime_circle, sprint_mu_shoals_archi,
          sprint_mu_snake_twists, sprint_mu_blade_basic,
          sprint_mu_crypt_fortress, sprint_mu_tomb_spiral,
          sprint_mu_vestibule_basic, sprint_mu_gehenna_hellfire,
          sprint_mu_dis_giant, sprint_mu_tartarus_statrot,
          sprint_mu_cocytus_islands, sprint_mu_zot1]

Skill      XL: |  1  2  3  4  5  6  7 |
---------------+----------------------+-----
Fighting       | 3 4 5 7 8 9 |  9.3
Dodging        | 3 4 5 7 8 9 |  9.2
Unarmed Combat | 4 5 6 8 10 | 10.9

Action                     |  1- 3 |  4- 6 |  7- 9 || total
---------------------------+-------+-------+-------++-------
  Melee: Unarmed           |    23 |    25 |    10 ||    58
         Punch             |     1 |     1 |     3 ||     5
 Invoke: Berserk           |     1 |     1 |     1 ||     3
 Armour: Animal skin       |     7 |    20 |    11 ||    38
  Dodge: Dodged            |    11 |     8 |     8 ||    27

Table legend: (Time is in decaauts)
 A = Elapsed time spent in this place.
 B = Non-inter-level travel time spent in this place.
 C = Inter-level travel time spent in this place.
 D = Time resting spent in this place.
 E = Time spent auto-exploring this place.
 F = Levels seen in this place.
 G = Mean time per level.
                   A        B        C        D        E       F      G
               +--------+--------+--------+--------+--------+-----+--------+
         Total |    442 |    442 |      0 |    158 |     89 |   1 |  442.0 |
       Dungeon |    442 |    442 |      0 |    158 |     89 |   1 |  442.0 |
               +--------+--------+--------+--------+--------+-----+--------+

Top non-repeatable levels by time:
       D: 442 daAuts
